 Dungeon Crawl Stone Soup version 0.31-a0-700-gf13585253f (webtiles) character file.

Game seed: 14293667645883795125

78019 qw the Marksgargoyle (level 15, -11/98 HPs)
             Began as a Gargoyle Hunter on Sept 7, 2023.
             Was an Elder of Okawaru.
             Mangled by a minotaur
             ... wielding the +8 Wrath of Trog {antimagic, *Rage Rampage}
              (44 damage)
             ... in a Gauntlet.
             The game lasted 00:09:11 (16931 turns).

qw the Marksgargoyle (Gargoyle Hunter)             Turns: 16931, Time: 00:09:11

Health: -11/98     AC: 42    Str: 24    XL:     15   Next: 58%
Magic:  0/22       EV: 23    Int: 10    God:    Okawaru [****..]
Gold:   2001       SH:  0    Dex: 25    Spells: 14/14 levels left

rFire   . . .        s - +11 longbow "Uwni" {heavy, rF+ Dex+3}
rCold   . . .        (shield currently unavailable)
rNeg    + + +        o - +4 swamp dragon scales
rPois   inf          c - +0 helmet of the Trees {rElec rN++ Str+3}
rElec   +            t - +2 cloak
rCorr   .            p - +1 Delatra's gloves {ID++}
SInv    +            b - +2 pair of boots "Gujaewye" {rF- Regen+ Str+5 Dex+3}
Will    +....        (no amulet)
Stlth   +++          m - ring of see invisible
HPRegen 1.16/turn    a - +4 ring of protection
MPRegen 0.18/turn

%: no teleportation
@: heroic, flying
A: sickness immunity, AC +11, big wings, negative energy resistance 1,
electricity resistance, torment resistance 1, petrification resistance
a: Renounce Religion, Heroism, Finesse


You were in a Gauntlet.
You worshipped Okawaru.
Okawaru was greatly pleased with you.
You visited 3 branches of the dungeon, and saw 20 of its levels.
You also visited: Gauntlet.

You collected 2050 gold pieces.
You spent 49 gold pieces at shops.


Innate Abilities, Weirdness & Mutations

You are immune to sickness and miasma.
Your stone body is resilient. (AC +11)
You are immune to poison.
Your large and strong wings let you fly.
You resist negative energy. (rN+)
You are resistant to electric shocks. (rElec)
You are resistant to unholy torment.
You are immune to petrification.


   Skills:
 - Level 13.0(18.0) Fighting
 - Level 19.0(24.0) Ranged Weapons
 + Level 9.6(14.6) Armour
 - Level 9.2(14.2) Dodging
 - Level 1.1(6.1) Stealth
 - Level 10.0 Invocations


You had 14 spell levels left.
You didn't know any spells.
Your spell library was empty.

Inventory:

Hand Weapons
 s - the +11 longbow "Uwni" (weapon) {heavy, rF+ Dex+3}
   (Okawaru gifted it to you on level 5 of the Lair of Beasts)

   Dex+3:     It affects your dexterity (+3).
   rF+:       It protects you from fire.
Armour
 b - the +2 pair of boots "Gujaewye" (worn) {rF- Regen+ Str+5 Dex+3}
   (You acquired it on level 7 of the Dungeon)

   Str+5:     It affects your strength (+5).
   Dex+3:     It affects your dexterity (+3).
   rF-:       It makes you vulnerable to fire.
   Regen+:    It increases your rate of health regeneration.
 c - the +0 helmet of the Trees (worn) {rElec rN++ Str+3}
   (You found it on level 11 of the Dungeon)

   Str+3:     It affects your strength (+3).
   rElec:     It insulates you from electricity.
   rN++:      It greatly protects you from negative energy.
 k - a +1 leather armour of fire resistance
 o - +4 swamp dragon scales (worn)
 p - the +1 Delatra's gloves (worn) {ID++}
   (You found it on level 3 of the Dungeon)

   ID++:      It heals its wearer when they drink unknown potions, and restores
   their MP when they read unknown scrolls.
 t - a +2 cloak (worn)
 u - the +2 pair of boots of the Vestibule of Hell {rF+ rN+ Int+5}
   (Okawaru gifted it to you on level 13 of the Dungeon)

   Int+5:     It affects your intelligence (+5).
   rF+:       It protects you from fire.
   rN+:       It protects you from negative energy.
 v - the +1 helmet of the Saviour {Str+3}
   (You found it in a Gauntlet)

   Str+3:     It affects your strength (+3).
Jewellery
 a - a +4 ring of protection (right hand)
 m - a ring of see invisible (left hand)
 r - a ring of protection from cold
Scrolls
 d - 12 scrolls of teleportation
 h - 6 scrolls of identify
Potions
 e - 2 potions of enlightenment
 f - a potion of mutation
 g - 14 potions of curing
 i - 6 potions of heal wounds
 j - 5 potions of haste
 l - a potion of magic
 n - 2 potions of resistance
 q - 4 potions of might

Dungeon Overview and Level Annotations

Branches:
Dungeon (14/15)            Temple (1/1) D:7            Lair (5/5) D:11
  Swamp (0/4) Lair:3       Spider (0/4) Lair:2        Slime (0/5) Lair:4
    Orc (0/2) D:12        Gauntlet (1/1)
 Vaults: D:13-14

Altars:
Ashenzari
Cheibriados
Dithmenos
Elyvilon
Fedhas
Gozag
Hepliaklqana
Kikubaaqudgha
Makhleb
Nemelex Xobeh
Okawaru
Qazlal
Ru
Sif Muna
Trog
Uskayaw
Vehumet
Wu Jian
Xom
Yredelemnul
Zin
The Shining One

Shops:
D:2 *   D:4 (

Annotations:
D:4 2 transporters, qw's ghost, amateur GrHs
Lair:1 1 runed translucent door, qw's ghost, novice GrHu Gauntlet 10 transporters


Message History

You shoot an arrow. The arrow hits the apocalypse crab!
The apocalypse crab is almost dead.
The apocalypse crab completely misses you. x2
You shoot an arrow. The arrow hits the apocalypse crab!!
You kill the apocalypse crab!
Okawaru accepts your kill.
Partly explored, unvisited transporter.
There is a transporter here.
Partly explored, unvisited transporter.
You enter the transporter and appear at another place.
The hellwing gives a chilling moan.
A minotaur comes into view.
It is wielding the +8 Wrath of Trog {antimagic, *Rage Rampage}, wearing a +2 chain mail of poison resistance and quivering silver javelins.
Found a runed scale mail.
Found a gate leading back out of this place.
The minotaur moves out of view.
16925 ||| INVOKING Heroism.
You gain the combat prowess of a mighty hero.
You shoot an arrow. The minotaur bellows!
The arrow hits the minotaur.
The minotaur is lightly wounded.
The minotaur throws a silver javelin.
The silver javelin completely misses you.
You shoot an arrow. The arrow barely misses the minotaur.
You shoot an arrow. The arrow hits the minotaur!!!
The minotaur is heavily wounded.
You shoot an arrow. The arrow hits the minotaur!!
The minotaur is almost dead.
The minotaur goes berserk!
The minotaur hits you with the +8 Wrath of Trog {antimagic, *Rage Rampage}!!!
You feel your power leaking away. The minotaur completely misses you.
You shoot an arrow. The arrow barely misses the minotaur.
The minotaur hits you with the +8 Wrath of Trog {antimagic, *Rage Rampage}!!
You feel your power leaking away. The minotaur barely misses you.
You shoot an arrow. The arrow hits the minotaur.
The minotaur is almost dead.
The minotaur hits you with the +8 Wrath of Trog {antimagic, *Rage Rampage}!!!
You die...

#..#..# #..#... #..#...
#~8~#..#...
##########...#..#...
####........#.8.####.##
#....######.#.....^##..
#.####....#.#.8.####...
#.#...@# #.#...#..#4..
#.#.##H# #.#.8.#..####
#.#.#}.}# ###...#~.....
#.#.#.\.# #...8.#\.....
#.#.#}.}# #.#...#~.....
#.#.##### #.#.8.#..####
#.#....## #.#...#..#..?
#.##.#..# #.#.8.####.#.
#....######.#.....^#..#


You could see a minotaur (berserk).

Vanquished Creatures
  Agnes (D:14)
  Louise (D:14)
  Snorg (D:11)
  Fannar (D:10)
  Harold (D:9)
  Erolcha (D:12)
  5 hydras
  A catoblepas (Lair:3)
  3 centaur warriors
  3 death yaks (Lair:5)
  3 boulder beetles
  5 two-headed ogres
  A tengu warrior (D:13)
  Nergalle (D:11)
  Amaemon (Lair:3)
  Sonja (Lair:4)
  Lodul (D:10)
  3 skysharks
  A bog body (Lair:3)
  3 lindwurms
  2 manticores
  An ugly thing (D:13)
  4 cyclopes
  A worldbinder (Gauntlet)
  8 elephants
  7 black mambas
  An apocalypse crab (Gauntlet)
  Joseph (D:9)
  A gargoyle (D:13)
  An orange demon (Lair:3)
  Jeremiah (D:7)
  14 komodo dragons
  4 rime drakes
  10 cane toads
  3 torpor snails
  Maggie (D:10)
  An efreet (D:13)
  A komodo dragon (shapeshifter) (D:11)
  4 trolls
  3 polar bears (Lair:2)
  A wolf spider simulacrum (D:14)
  19 blink frogs
  2 dream sheep (Lair:5)
  Prince Ribbit (D:7)
  11 slime creatures
  A shadow (D:10)
  5 wyverns
  3 wraiths
  85 yaks
  A vampire (D:9)
  A steam dragon (D:7)
  Menkaure (D:7)
  8 vampire mosquitoes
  2 basilisks (Lair:5)
  3 swamp worms (Lair:1)
  26 water moccasins
  2 acid dragons
  Duvessa (D:6)
  4 orc warriors
  3 black bears
  15 centaurs
  10 ogres
  2 boggarts (Gauntlet)
  4 wolves (Gauntlet)
  3 kobold brigands
  A phantom (D:6)
  18 bullfrogs
  A gnoll sergeant (D:6)
  A scorpion (D:5)
  Dowan (D:6)
  9 wights
  10 killer bees
  7 electric eels
  8 howler monkeys
  3 hounds
  7 orc priests
  3 gnoll boudas
  3 sleepcaps
  5 iguanas
  13 orc wizards
  2 hell rats (Lair:5)
  14 gnolls
  12 adders
  11 river rats (Lair:5)
  3 shadow imps
  A white imp (D:5)
  7 worms
  A dart slug (D:4)
  35 orcs
  7 endoplasms
  7 goblins
  4 hobgoblins
  A quokka (D:1)
  8 ball pythons
  3 bats (D:3)
  2 frilled lizards (D:2)
  17 kobolds
  5 rats
551 creatures vanquished.

Notes
Turn   | Place    | Note
-------+----------+-------------------------------------------
     0 | D:1      | qw the Gargoyle Hunter began the quest for the Orb.
     0 | D:1      | Reached XP level 1. HP: 12/12 MP: 1/1
     0 | D:1      | 0 ||| qw: Version: 0.3-a-76-g4403597
     0 | D:1      | 0 ||| qw: Game counter: 739
     0 | D:1      | 0 ||| qw: Melee chars always use a shield: true
     0 | D:1      | 0 ||| qw: God list: Okawaru
     0 | D:1      | 0 ||| qw: Allow faded altars: false
     0 | D:1      | 0 ||| qw: Do Orc after clearing Dungeon:15 true
     0 | D:1      | 0 ||| qw: Do second Lair branch before Depths: true
     0 | D:1      | 0 ||| qw: Lair rune preference: random
     0 | D:1      | 0 ||| qw: Goals: Normal
     0 | D:1      | 0 ||| PLANNING D:1-11
     8 | D:1      | 8 ||| RETREATING.
    19 | D:1      | HP: 3/12 [rat (2)]
   116 | D:1      | Reached XP level 2. HP: 17/17 MP: 2/2
   976 | D:1      | 976 ||| READING scroll labelled RIDOUD UCSUCO.
   977 | D:1      | 977 ||| READING scroll labelled UNITRA NOUMI.
  1124 | D:1      | 1124 ||| READING scroll labelled VAICURUWUH.
  1127 | D:1      | 1127 ||| DROPPING scroll of butterflies.
  1178 | D:2      | Reached skill level 5 in Ranged Weapons
  1178 | D:2      | Reached XP level 3. HP: 21/21 MP: 3/3
  1412 | D:2      | Reached skill level 3 in Fighting
  1425 | D:2      | Reached XP level 4. HP: 28/28 MP: 4/4
  1429 | D:2      | Found Asyw Vit's Assorted Antiques.
  1433 | D:2      | 1433 ||| BUYING 2 scrolls labelled VEIMUE ADAYW (34 gold).
  1433 | D:2      | Bought 2 scrolls labelled VEIMUE ADAYW for 34 gold pieces
  1433 | D:2      | 1433 ||| SHOPLISTING blackened cabochon ring (85 gold, have
                  | 27).
  1433 | D:2      | 1433 ||| BUYING fizzy ruby potion (15 gold).
  1433 | D:2      | Bought a fizzy ruby potion for 15 gold pieces
  1433 | D:2      | 1433 ||| SHOPLISTING scroll labelled QIACLA XYFAR (17 gold,
                  | have 12).
  1433 | D:2      | 1433 ||| SHOPLISTING scroll labelled ZUSURU MIATHROULE (17
                  | gold, have 12).
  1433 | D:2      | 1433 ||| SHOPLISTING sedimented inky potion (15 gold, have
                  | 12).
  1433 | D:2      | 1433 ||| SHOPLISTING triple crossbow (170 gold, have 12).
  1719 | D:2      | 1719 ||| UPGRADING to +0 pair of gloves.
  1724 | D:2      | 1724 ||| READING 2 scrolls labelled EFFE WYN GAOME.
  1825 | D:2      | 1825 ||| READING scroll labelled HAIXZE QUITUSK.
  1826 | D:2      | 1826 ||| READING 3 scrolls labelled VEIMUE ADAYW.
  1827 | D:2      | 1827 ||| READING scroll labelled GOLLOU ZEORU.
  1828 | D:2      | 1828 ||| DRINKING 4 sedimented inky potions.
  1829 | D:2      | 1829 ||| READING 2 scrolls of identify.
  1829 | D:2      | 1829 ||| IDENTIFYING orange potion
  1830 | D:2      | 1830 ||| DROPPING scroll of silence.
  2230 | D:3      | Found a faded altar of an unknown god.
  2453 | D:3      | Found the +1 Delatra's gloves {ID++}
  2482 | D:3      | 2482 ||| UPGRADING to +0 ring mail.
  2492 | D:3      | 2492 ||| DROPPING +0 leather armour.
  2493 | D:3      | 2493 ||| UPGRADING to +1 Delatra's gloves {ID++}.
  2503 | D:3      | 2503 ||| DROPPING +0 pair of gloves.
  2504 | D:3      | 2504 ||| UPGRADING to ring of protection from cold.
  2505 | D:3      | 2505 ||| READING 2 scrolls labelled XIZXIS JYREN.
  2506 | D:3      | 2506 ||| READING scroll labelled MESORO FARO.
  2506 | D:3      | Identified a scroll of acquirement
  2506 | D:3      | 2506 ||| ACQUIRING +3 longbow of freezing
  2506 | D:3      | Acquired a +3 longbow of freezing
  2508 | D:3      | 2508 ||| SWAPPING to +3 longbow of freezing.
  2509 | D:3      | 2509 ||| DROPPING +1 shortbow.
  2510 | D:3      | 2510 ||| DRINKING 4 fizzy ruby potions.
  2511 | D:3      | 2511 ||| DRINKING 2 inky potions.
  2512 | D:3      | 2512 ||| READING 4 scrolls of identify.
  2512 | D:3      | 2512 ||| IDENTIFYING lumpy inky potion
  2513 | D:3      | 2513 ||| READING 3 scrolls of identify.
  2513 | D:3      | 2513 ||| IDENTIFYING emerald potion
  2514 | D:3      | 2514 ||| READING 2 scrolls of identify.
  2514 | D:3      | 2514 ||| IDENTIFYING smoky black potion
  2515 | D:3      | 2515 ||| DROPPING scroll of fog.
  2516 | D:3      | 2516 ||| DROPPING potion of attraction.
  2517 | D:3      | 2517 ||| DROPPING potion of brilliance.
  2518 | D:3      | 2518 ||| DROPPING potion of invisibility.
  2519 | D:3      | 2519 ||| DROPPING potion of ambrosia.
  2644 | D:4      | Reached XP level 5. HP: 32/32 MP: 5/5
  2659 | D:4      | Found Qucuurev's Firing Range.
  2674 | D:4      | Found a bloodstained altar of Trog.
  2705 | D:4      | Found a transporter.
  2849 | D:4      | Reached skill level 6 in Ranged Weapons
  2917 | D:4      | Reached XP level 6. HP: 38/38 MP: 6/6
  2982 | D:4      | Found a burning altar of Makhleb.
  3058 | D:4      | Found a transporter.
  3059 | D:4      | Noticed qw's ghost (amateur GrHs)
  3294 | D:4      | 3294 ||| READING scroll labelled NUEMUH MUSI.
  3322 | D:5      | Entered Level 5 of the Dungeon
  3370 | D:5      | Found a radiant altar of Vehumet.
  3390 | D:5      | Reached skill level 7 in Ranged Weapons
  3390 | D:5      | Reached XP level 7. HP: 42/43 MP: 7/7
  3547 | D:5      | Reached skill level 8 in Ranged Weapons
  3817 | D:5      | Reached XP level 8. HP: 42/49 MP: 8/8
  3932 | D:5      | 3932 ||| READING scroll labelled NAGIATHR SAACKI.
  3933 | D:5      | 3933 ||| DRINKING 2 lumpy grey potions.
  3987 | D:5      | 3987 ||| READING 2 scrolls of identify.
  3987 | D:5      | 3987 ||| IDENTIFYING green potion
  3988 | D:5      | 3988 ||| DROPPING potion of lignification.
  4059 | D:6      | Found a hide-covered altar of Uskayaw.
  4060 | D:6      | Noticed a +0 dagger
  4060 | D:6      | Noticed a +0 dagger
  4110 | D:6      | Reached skill level 9 in Ranged Weapons
  4192 | D:6      | Found an opulent altar of Gozag.
  4209 | D:6      | Noticed Duvessa
  4209 | D:6      | Noticed Dowan
  4210 | D:6      | 4210 ||| Stepping ~*~*~tactically~*~*~ (retreating).
  4213 | D:6      | 4213 ||| Stepping ~*~*~tactically~*~*~ (retreating).
  4214 | D:6      | 4214 ||| Stepping ~*~*~tactically~*~*~ (retreating).
  4215 | D:6      | 4215 ||| Stepping ~*~*~tactically~*~*~ (retreating).
  4218 | D:6      | 4218 ||| Stepping ~*~*~tactically~*~*~ (outnumbered).
  4224 | D:6      | Killed Duvessa
  4225 | D:6      | Reached skill level 6 in Fighting
  4225 | D:6      | Killed Dowan
  4432 | D:6      | 4432 ||| RETREATING.
  4474 | D:6      | 4474 ||| RETREATING.
  4478 | D:6      | Reached skill level 10 in Ranged Weapons
  4480 | D:6      | Reached XP level 9. HP: 55/55 MP: 9/9
  4487 | D:6      | 4487 ||| FLEEEEING.
  4489 | D:6      | 4489 ||| FLEEEEING.
  4490 | D:6      | 4490 ||| FLEEEEING.
  4491 | D:6      | 4491 ||| FLEEEEING.
  4492 | D:6      | 4492 ||| FLEEEEING.
  4493 | D:6      | 4493 ||| FLEEEEING.
  4494 | D:6      | 4494 ||| FLEEEEING.
  4496 | D:6      | 4496 ||| FLEEEEING.
  4502 | D:6      | 4502 ||| FLEEEEING.
  4503 | D:6      | 4503 ||| FLEEEEING.
  4504 | D:6      | 4504 ||| STAIRDANCE
  4550 | D:6      | 4550 ||| Stepping ~*~*~tactically~*~*~ (outnumbered).
  4551 | D:6      | 4551 ||| Stepping ~*~*~tactically~*~*~ (outnumbered).
  4552 | D:6      | 4552 ||| Stepping ~*~*~tactically~*~*~ (outnumbered).
  4553 | D:6      | 4553 ||| Stepping ~*~*~tactically~*~*~ (outnumbered).
  4555 | D:6      | 4555 ||| Stepping ~*~*~tactically~*~*~ (outnumbered).
  4557 | D:6      | 4557 ||| Stepping ~*~*~tactically~*~*~ (outnumbered).
  4882 | D:7      | 4882 ||| STAIRDANCE
  4920 | D:7      | 4920 ||| STAIRDANCE
  4924 | D:6      | Reached skill level 11 in Ranged Weapons
  4961 | D:7      | Reached skill level 3 in Dodging
  4987 | D:7      | 4987 ||| READING scroll of acquirement.
  4987 | D:7      | 4987 ||| ACQUIRING +2 pair of boots "Gujaewye" {rF- Regen+
                  | Str+5 Dex+3}
  4987 | D:7      | Acquired the +2 pair of boots "Gujaewye" {rF- Regen+ Str+5
                  | Dex+3}
  4989 | D:7      | 4989 ||| UPGRADING to +2 pair of boots "Gujaewye" {rF-
                  | Regen+ Str+5 Dex+3}.
  5059 | D:7      | Reached skill level 3 in Armour
  5208 | D:7      | 5208 ||| RETREATING.
  5341 | D:7      | Found a snail-covered altar of Cheibriados.
  5389 | D:7      | 5389 ||| Stepping ~*~*~tactically~*~*~ (outnumbered).
  5394 | D:7      | 5394 ||| Stepping ~*~*~tactically~*~*~ (outnumbered).
  5403 | D:7      | Reached XP level 10. HP: 64/64 MP: 10/10
  5408 | D:7      | Noticed Menkaure
  5412 | D:7      | Killed Menkaure
  5420 | D:7      | Reached skill level 12 in Ranged Weapons
  5487 | D:7      | Noticed Jeremiah
  5495 | D:7      | 5495 ||| FLEEEEING.
  5499 | D:7      | 5499 ||| READING scroll labelled VEZOMU XOYMAM.
  5500 | D:7      | 5500 ||| FLEEEEING.
  5525 | D:7      | 5525 ||| READING scroll labelled ZUSURU MIATHROULE.
  5536 | D:7      | 5536 ||| DRINKING 2 puce potions.
  5547 | D:7      | 5547 ||| READING 2 scrolls of identify.
  5547 | D:7      | 5547 ||| IDENTIFYING yellow potion
  5554 | D:7      | 5554 ||| FLEEEEING.
  5579 | D:7      | 5579 ||| DRINKING potion of experience.
  5579 | D:7      | Reached skill level 9 in Dodging
  5579 | D:7      | Reached XP level 11. HP: 33/68 MP: 11/11
  5582 | D:7      | 5582 ||| FLEEEEING.
  5585 | D:7      | 5585 ||| STAIRDANCE
  5621 | D:7      | 5621 ||| FLEEEEING.
  5622 | D:7      | 5622 ||| STAIRDANCE
  5640 | D:7      | 5640 ||| STAIRDANCE
  5654 | D:7      | 5654 ||| STAIRDANCE
  5696 | D:7      | 5696 ||| STAIRDANCE
  5712 | D:7      | 5712 ||| STAIRDANCE
  5730 | D:7      | Killed Jeremiah
  5777 | D:7      | Found a staircase to the Ecumenical Temple.
  5778 | D:7      | 5778 ||| PLANNING TEMPLE
  5783 | Temple   | Entered the Ecumenical Temple
  5784 | Temple   | 5784 ||| PLANNING OKAWARU WORSHIP
  5805 | Temple   | Became a worshipper of Warmaster Okawaru
  5806 | Temple   | 5806 ||| PLANNING D:1-11
  5845 | D:7      | 5845 ||| Stepping ~*~*~tactically~*~*~ (cloud).
  6014 | D:7      | Found a broken altar of Ashenzari.
  6187 | D:7      | Noticed Prince Ribbit
  6188 | D:7      | Killed Prince Ribbit
  6412 | D:7      | 6412 ||| UPGRADING to +0 steam dragon scales.
  6422 | D:7      | 6422 ||| DROPPING +0 ring mail.
  6659 | D:8      | 6659 ||| Stepping ~*~*~tactically~*~*~ (outnumbered).
  6661 | D:8      | 6661 ||| Stepping ~*~*~tactically~*~*~ (outnumbered).
  6663 | D:8      | 6663 ||| Stepping ~*~*~tactically~*~*~ (outnumbered).
  6665 | D:8      | 6665 ||| Stepping ~*~*~tactically~*~*~ (outnumbered).
  6746 | D:8      | Identified the amulet of Pihufav {Spirit Str+4 Dex-5}
  6811 | D:8      | 6811 ||| Stepping ~*~*~tactically~*~*~ (retreating).
  7045 | D:8      | Reached * piety under Okawaru
  7169 | D:8      | 7169 ||| Stepping ~*~*~tactically~*~*~ (water).
  7177 | D:8      | Noticed a manticore
  7178 | D:8      | 7178 ||| INVOKING Heroism.
  7185 | D:8      | Killed a manticore
  7186 | D:8      | Reached skill level 13 in Ranged Weapons
  7191 | D:8      | 7191 ||| FLEEEEING.
  7201 | D:8      | 7201 ||| INVOKING Heroism.
  7202 | D:8      | 7202 ||| INVOKING Heroism.
  7242 | D:8      | 7242 ||| INVOKING Heroism.
  7247 | D:8      | Reached skill level 1 in Invocations
  7250 | D:8      | 7250 ||| DROPPING amulet of Pihufav {Spirit Str+4 Dex-5}.
  7251 | D:8      | 7251 ||| READING 2 scrolls labelled JUSCHU KUBEMOAMIYP.
  7352 | D:8      | 7352 ||| DRINKING 2 glowing clear potions.
  7353 | D:8      | 7353 ||| READING 4 scrolls of identify.
  7353 | D:8      | 7353 ||| IDENTIFYING glowing brown potion
  7354 | D:8      | 7354 ||| READING 3 scrolls of identify.
  7354 | D:8      | 7354 ||| IDENTIFYING fuming cyan potion
  7355 | D:8      | 7355 ||| DROPPING scroll of amnesia.
  7356 | D:8      | 7356 ||| DROPPING potion of degeneration.
  7357 | D:8      | 7357 ||| DROPPING potion of berserk rage.
  7449 | D:9      | Noticed Harold
  7450 | D:9      | 7450 ||| INVOKING Heroism.
  7462 | D:9      | Killed Harold
  7769 | D:9      | Reached skill level 9 in Fighting
  7794 | D:9      | Found a shadowy altar of Dithmenos.
  7846 | D:9      | Noticed Joseph
  7850 | D:9      | Killed Joseph
  8088 | D:9      | 8088 ||| UPGRADING to +4 ring of protection.
  8101 | D:10     | Entered Level 10 of the Dungeon
  8101 | D:10     | Noticed Fannar
  8102 | D:10     | 8102 ||| RETREATING.
  8104 | D:10     | 8104 ||| Stepping ~*~*~tactically~*~*~ (retreating).
  8105 | D:10     | 8105 ||| Stepping ~*~*~tactically~*~*~ (retreating).
  8106 | D:10     | 8106 ||| Stepping ~*~*~tactically~*~*~ (retreating).
  8107 | D:10     | 8107 ||| Stepping ~*~*~tactically~*~*~ (retreating).
  8108 | D:10     | 8108 ||| Stepping ~*~*~tactically~*~*~ (retreating).
  8109 | D:10     | 8109 ||| Stepping ~*~*~tactically~*~*~ (retreating).
  8130 | D:10     | Reached skill level 3 in Invocations
  8135 | D:10     | Reached ** piety under Okawaru
  8160 | D:10     | 8160 ||| INVOKING Heroism.
  8169 | D:10     | Killed Fannar
  8169 | D:10     | Reached *** piety under Okawaru
  8170 | D:10     | Reached XP level 12. HP: 46/76 MP: 13/15
  8188 | D:10     | Reached skill level 14 in Ranged Weapons
  8231 | D:10     | Noticed Maggie
  8234 | D:10     | 8234 ||| INVOKING Heroism.
  8240 | D:10     | Killed Maggie
  8250 | D:10     | 8250 ||| FLEEEEING.
  8251 | D:10     | Noticed Lodul
  8252 | D:10     | 8252 ||| FLEEEEING.
  8253 | D:10     | 8253 ||| FLEEEEING.
  8258 | D:10     | 8258 ||| STAIRDANCE
  8284 | D:9      | 8284 ||| UPGRADING to ring of see invisible.
  8286 | D:9      | 8286 ||| UPGRADING to +2 robe of cold resistance.
  8323 | D:10     | Killed Lodul
  8326 | D:10     | 8326 ||| FLEEEEING.
  8327 | D:10     | 8327 ||| FLEEEEING.
  8328 | D:10     | 8328 ||| FLEEEEING.
  8329 | D:10     | 8329 ||| FLEEEEING.
  8410 | D:10     | 8410 ||| RETREATING.
  8415 | D:10     | Reached **** piety under Okawaru
  8442 | D:10     | Noticed a two-headed ogre
  8443 | D:10     | 8443 ||| RETREATING.
  8452 | D:10     | Killed a two-headed ogre
  8504 | D:10     | Identified the +9 mace of the Magi {freeze, rN+}
  8679 | D:10     | Noticed a two-headed ogre
  8680 | D:10     | 8680 ||| RETREATING.
  8683 | D:10     | 8683 ||| RETREATING.
  8691 | D:10     | Killed a two-headed ogre
  8746 | D:10     | Found a stormy altar of Qazlal.
  8819 | D:10     | 8819 ||| DROPPING +0 steam dragon scales.
  8820 | D:10     | 8820 ||| UPGRADING to +2 swamp dragon scales.
  8830 | D:10     | 8830 ||| DROPPING +2 robe of cold resistance.
  8840 | D:11     | 8840 ||| RETREATING.
  8854 | D:11     | Reached ***** piety under Okawaru
  8862 | D:11     | Reached skill level 6 in Invocations
  8891 | D:11     | Identified the +0 helmet of the Trees {rElec rN++ Str+3}
  8942 | D:11     | 8942 ||| Stepping ~*~*~tactically~*~*~ (outnumbered).
  8944 | D:11     | 8944 ||| Stepping ~*~*~tactically~*~*~ (outnumbered).
  8970 | D:11     | Noticed Snorg
  8971 | D:11     | 8971 ||| INVOKING Heroism.
  8972 | D:11     | 8972 ||| INVOKING Finesse.
  8974 | D:11     | Noticed a two-headed ogre
  8976 | D:11     | Killed Snorg
  8979 | D:11     | Killed a two-headed ogre
  9049 | D:11     | Noticed Nergalle
  9050 | D:11     | 9050 ||| INVOKING Heroism.
  9060 | D:11     | Killed Nergalle
  9061 | D:11     | Reached skill level 6 in Armour
  9075 | D:11     | Noticed a two-headed ogre
  9080 | D:11     | Killed a two-headed ogre
  9106 | D:11     | Found a staircase to the Lair.
  9113 | D:11     | Noticed a boulder beetle
  9114 | D:11     | 9114 ||| INVOKING Heroism.
  9115 | D:11     | 9115 ||| INVOKING Finesse.
  9131 | D:11     | Killed a boulder beetle
  9132 | D:11     | Reached XP level 13. HP: 82/82 MP: 11/18
  9323 | D:11     | 9323 ||| INVOKING Heroism.
  9367 | D:11     | 9367 ||| PLANNING LAIR
  9367 | D:11     | 9367 ||| UPGRADING to +0 helmet of the Trees {rElec rN++
                  | Str+3}.
  9372 | D:11     | 9372 ||| DRINKING 2 golden potions.
  9465 | Lair:1   | Entered Level 1 of the Lair of Beasts
  9468 | Lair:1   | 9468 ||| INVOKING Heroism.
  9469 | Lair:1   | 9469 ||| STAIRDANCE
  9482 | Lair:1   | 9482 ||| STAIRDANCE
  9488 | Lair:1   | 9488 ||| STAIRDANCE
  9520 | Lair:1   | 9520 ||| INVOKING Heroism.
  9534 | Lair:1   | Found a runed translucent door.
  9539 | Lair:1   | 9539 ||| RETREATING.
  9551 | Lair:1   | Noticed qw's ghost (novice GrHu)
  9568 | Lair:1   | Reached skill level 15 in Ranged Weapons
  9587 | Lair:1   | 9587 ||| RETREATING.
  9594 | Lair:1   | 9594 ||| Stepping ~*~*~tactically~*~*~ (retreating).
  9595 | Lair:1   | 9595 ||| Stepping ~*~*~tactically~*~*~ (retreating).
  9615 | Lair:1   | 9615 ||| Stepping ~*~*~tactically~*~*~ (retreating).
  9616 | Lair:1   | 9616 ||| RETREATING.
  9649 | Lair:1   | 9649 ||| INVOKING Heroism.
  9662 | Lair:1   | Reached skill level 9 in Invocations
  9673 | Lair:1   | 9673 ||| INVOKING Heroism.
 10288 | Lair:1   | 10288 ||| INVOKING Heroism.
 10355 | Lair:1   | 10355 ||| INVOKING Heroism.
 10356 | Lair:1   | 10356 ||| DROPPING +2 robe of cold resistance.
 10426 | Lair:2   | 10426 ||| STAIRDANCE
 10519 | Lair:2   | 10519 ||| INVOKING Heroism.
 10523 | Lair:2   | Received a gift from Okawaru
 10548 | Lair:2   | 10548 ||| Stepping ~*~*~tactically~*~*~ (retreating).
 10572 | Lair:2   | 10572 ||| INVOKING Heroism.
 10626 | Lair:2   | 10626 ||| INVOKING Heroism.
 10667 | Lair:2   | 10667 ||| INVOKING Heroism.
 10902 | Lair:2   | Found a hole to the Spider Nest.
 11100 | Lair:2   | 11100 ||| READING scroll labelled BOIROWU XALUOZAEGE.
 11164 | Lair:3   | 11164 ||| INVOKING Heroism.
 11165 | Lair:3   | 11165 ||| RETREATING.
 11177 | Lair:3   | Reached skill level 16 in Ranged Weapons
 11253 | Lair:3   | 11253 ||| RETREATING.
 11281 | Lair:3   | 11281 ||| INVOKING Heroism.
 11302 | Lair:3   | 11302 ||| RETREATING.
 11336 | Lair:3   | 11336 ||| INVOKING Heroism.
 11353 | Lair:3   | Noticed Amaemon
 11359 | Lair:3   | 11359 ||| RETREATING.
 11363 | Lair:3   | 11363 ||| Stepping ~*~*~tactically~*~*~ (retreating).
 11370 | Lair:3   | 11370 ||| Stepping ~*~*~tactically~*~*~ (retreating).
 11371 | Lair:3   | 11371 ||| Stepping ~*~*~tactically~*~*~ (retreating).
 11372 | Lair:3   | 11372 ||| INVOKING Heroism.
 11377 | Lair:3   | Gained mutation: Your large and strong wings let you fly.
                  | [Gargoyle growth]
 11377 | Lair:3   | Reached XP level 14. HP: 90/90 MP: 18/21
 11382 | Lair:3   | Killed Amaemon
 11457 | Lair:3   | Found a staircase to the Swamp.
 11459 | Lair:3   | 11459 ||| FLEEEEING.
 11461 | Lair:3   | 11461 ||| RETREATING.
 11464 | Lair:3   | 11464 ||| Stepping ~*~*~tactically~*~*~ (retreating).
 11465 | Lair:3   | 11465 ||| Stepping ~*~*~tactically~*~*~ (retreating).
 11466 | Lair:3   | 11466 ||| Stepping ~*~*~tactically~*~*~ (retreating).
 11467 | Lair:3   | 11467 ||| Stepping ~*~*~tactically~*~*~ (retreating).
 11468 | Lair:3   | 11468 ||| Stepping ~*~*~tactically~*~*~ (retreating).
 11469 | Lair:3   | 11469 ||| Stepping ~*~*~tactically~*~*~ (retreating).
 11470 | Lair:3   | 11470 ||| Stepping ~*~*~tactically~*~*~ (retreating).
 11471 | Lair:3   | 11471 ||| Stepping ~*~*~tactically~*~*~ (retreating).
 11472 | Lair:3   | 11472 ||| Stepping ~*~*~tactically~*~*~ (retreating).
 11477 | Lair:3   | 11477 ||| INVOKING Heroism.
 11517 | Lair:3   | 11517 ||| INVOKING Heroism.
 12065 | Lair:4   | 12065 ||| INVOKING Heroism.
 12073 | Lair:4   | 12073 ||| STAIRDANCE
 12085 | Lair:4   | 12085 ||| STAIRDANCE
 12110 | Lair:4   | 12110 ||| STAIRDANCE
 12118 | Lair:4   | 12118 ||| STAIRDANCE
 12120 | Lair:3   | 12120 ||| Stepping ~*~*~tactically~*~*~ (retreating).
 12121 | Lair:3   | 12121 ||| Stepping ~*~*~tactically~*~*~ (retreating).
 12122 | Lair:3   | 12122 ||| Stepping ~*~*~tactically~*~*~ (retreating).
 12139 | Lair:3   | Reached skill level 17 in Ranged Weapons
 12158 | Lair:4   | 12158 ||| FLEEEEING.
 12160 | Lair:4   | 12160 ||| FLEEEEING.
 12161 | Lair:4   | 12161 ||| STAIRDANCE
 12171 | Lair:4   | 12171 ||| STAIRDANCE
 12185 | Lair:4   | 12185 ||| STAIRDANCE
 12189 | Lair:4   | 12189 ||| STAIRDANCE
 12264 | Lair:4   | 12264 ||| INVOKING Heroism.
 12265 | Lair:4   | 12265 ||| INVOKING Finesse.
 12282 | Lair:4   | Identified the +1 robe "Mazegigu" {Str+4 SInv}
 12282 | Lair:4   | Noticed Sonja
 12293 | Lair:4   | Killed Sonja
 12328 | Lair:4   | 12328 ||| READING scroll of enchant armour.
 12328 | Lair:4   | 12328 ||| ENCHANTING +2 swamp dragon scales.
 12490 | Lair:4   | 12490 ||| FLEEEEING.
 12491 | Lair:4   | 12491 ||| FLEEEEING.
 12492 | Lair:4   | 12492 ||| FLEEEEING.
 12547 | Lair:4   | Found a staircase to the Slime Pits.
 13051 | Lair:5   | Entered Level 5 of the Lair of Beasts
 13053 | Lair:5   | 13053 ||| RETREATING.
 13056 | Lair:5   | 13056 ||| Stepping ~*~*~tactically~*~*~ (retreating).
 13057 | Lair:5   | 13057 ||| Stepping ~*~*~tactically~*~*~ (retreating).
 13058 | Lair:5   | 13058 ||| Stepping ~*~*~tactically~*~*~ (retreating).
 13060 | Lair:5   | 13060 ||| Stepping ~*~*~tactically~*~*~ (retreating).
 13061 | Lair:5   | 13061 ||| Stepping ~*~*~tactically~*~*~ (retreating).
 13210 | Lair:5   | 13210 ||| RETREATING.
 13215 | Lair:5   | 13215 ||| Stepping ~*~*~tactically~*~*~ (retreating).
 13264 | Lair:5   | 13264 ||| INVOKING Heroism.
 13265 | Lair:5   | 13265 ||| RETREATING.
 13382 | Lair:5   | 13382 ||| INVOKING Heroism.
 13487 | Lair:5   | 13487 ||| INVOKING Heroism.
 13493 | Lair:5   | Reached skill level 18 in Ranged Weapons
 13596 | Lair:5   | Identified the +6 falchion of Cesi {freeze, rF++ Int+2}
 13623 | Lair:5   | Received a gift from Okawaru
 13640 | Lair:5   | 13640 ||| Stepping ~*~*~tactically~*~*~ (outnumbered).
 13660 | Lair:5   | Reached skill level 12 in Fighting
 13667 | Lair:5   | 13667 ||| INVOKING Heroism.
 13668 | Lair:5   | 13668 ||| INVOKING Finesse.
 13694 | Lair:5   | 13694 ||| RETREATING.
 13715 | Lair:5   | Reached skill level 9 in Armour
 13810 | Lair:5   | Reached XP level 15. HP: 96/96 MP: 22/22
 13950 | Lair:5   | 13950 ||| RETREATING.
 13953 | Lair:5   | 13953 ||| Stepping ~*~*~tactically~*~*~ (retreating).
 13955 | Lair:5   | 13955 ||| Stepping ~*~*~tactically~*~*~ (retreating).
 13958 | Lair:5   | 13958 ||| Stepping ~*~*~tactically~*~*~ (retreating).
 13959 | Lair:5   | 13959 ||| Stepping ~*~*~tactically~*~*~ (retreating).
 13960 | Lair:5   | 13960 ||| Stepping ~*~*~tactically~*~*~ (retreating).
 13961 | Lair:5   | 13961 ||| Stepping ~*~*~tactically~*~*~ (retreating).
 13962 | Lair:5   | 13962 ||| Stepping ~*~*~tactically~*~*~ (retreating).
 13963 | Lair:5   | 13963 ||| Stepping ~*~*~tactically~*~*~ (retreating).
 13964 | Lair:5   | 13964 ||| Stepping ~*~*~tactically~*~*~ (retreating).
 13965 | Lair:5   | 13965 ||| Stepping ~*~*~tactically~*~*~ (retreating).
 13966 | Lair:5   | 13966 ||| Stepping ~*~*~tactically~*~*~ (retreating).
 13967 | Lair:5   | 13967 ||| Stepping ~*~*~tactically~*~*~ (retreating).
 13976 | Lair:5   | Identified the +11 longbow "Uwni" {heavy, rF+ Dex+3}
                  | (Okawaru gifted it to you on level 5 of the Lair of Beasts)
 13976 | Lair:5   | Received a gift from Okawaru
 14032 | Lair:5   | 14032 ||| SWAPPING to +11 longbow "Uwni" {heavy, rF+
                  | Dex+3}.
 14033 | Lair:5   | 14033 ||| DROPPING +3 longbow of freezing.
 14046 | Lair:5   | 14046 ||| FLEEEEING.
 14047 | Lair:5   | 14047 ||| FLEEEEING.
 14048 | Lair:5   | 14048 ||| FLEEEEING.
 14050 | Lair:5   | 14050 ||| FLEEEEING.
 14051 | Lair:5   | 14051 ||| FLEEEEING.
 14052 | Lair:5   | 14052 ||| FLEEEEING.
 14053 | Lair:5   | 14053 ||| FLEEEEING.
 14054 | Lair:5   | 14054 ||| FLEEEEING.
 14055 | Lair:5   | 14055 ||| FLEEEEING.
 14056 | Lair:5   | 14056 ||| FLEEEEING.
 14058 | Lair:5   | 14058 ||| FLEEEEING.
 14059 | Lair:5   | 14059 ||| FLEEEEING.
 14060 | Lair:5   | 14060 ||| FLEEEEING.
 14062 | Lair:5   | 14062 ||| FLEEEEING.
 14063 | Lair:5   | 14063 ||| FLEEEEING.
 14064 | Lair:5   | 14064 ||| FLEEEEING.
 14065 | Lair:5   | 14065 ||| FLEEEEING.
 14066 | Lair:5   | 14066 ||| FLEEEEING.
 14067 | Lair:5   | 14067 ||| FLEEEEING.
 14068 | Lair:5   | 14068 ||| FLEEEEING.
 14069 | Lair:5   | 14069 ||| FLEEEEING.
 14070 | Lair:5   | 14070 ||| FLEEEEING.
 14071 | Lair:5   | 14071 ||| FLEEEEING.
 14072 | Lair:5   | 14072 ||| FLEEEEING.
 14073 | Lair:5   | 14073 ||| FLEEEEING.
 14074 | Lair:5   | 14074 ||| FLEEEEING.
 14075 | Lair:5   | 14075 ||| FLEEEEING.
 14275 | Lair:5   | 14275 ||| PLANNING D
 14275 | Lair:5   | 14275 ||| READING 7 scrolls of identify.
 14275 | Lair:5   | 14275 ||| IDENTIFYING fizzy clear potion
 14594 | D:12     | Noticed Erolcha
 14599 | D:12     | Killed Erolcha
 14624 | D:12     | 14624 ||| READING scroll of enchant armour.
 14624 | D:12     | 14624 ||| ENCHANTING +3 swamp dragon scales.
 14823 | D:12     | Found a staircase to the Orcish Mines.
 15176 | D:12     | 15176 ||| UPGRADING to +2 cloak.
 15291 | D:13     | 15291 ||| Stepping ~*~*~tactically~*~*~ (outnumbered).
 15293 | D:13     | 15293 ||| Stepping ~*~*~tactically~*~*~ (outnumbered).
 15295 | D:13     | 15295 ||| Stepping ~*~*~tactically~*~*~ (outnumbered).
 15299 | D:13     | 15299 ||| Stepping ~*~*~tactically~*~*~ (outnumbered).
 15300 | D:13     | 15300 ||| Stepping ~*~*~tactically~*~*~ (outnumbered).
 15420 | D:13     | 15420 ||| FLEEEEING.
 15421 | D:13     | 15421 ||| FLEEEEING.
 15422 | D:13     | 15422 ||| Stepping ~*~*~tactically~*~*~ (outnumbered).
 15431 | D:13     | Reached skill level 19 in Ranged Weapons
 15463 | D:13     | 15463 ||| Stepping ~*~*~tactically~*~*~ (retreating).
 15465 | D:13     | 15465 ||| Stepping ~*~*~tactically~*~*~ (retreating).
 15466 | D:13     | 15466 ||| INVOKING Heroism.
 15468 | D:13     | 15468 ||| READING 13 scrolls of teleportation.
 15522 | D:13     | Identified the +2 pair of boots of the Vestibule of Hell
                  | {rF+ rN+ Int+5} (Okawaru gifted it to you on level 13 of
                  | the Dungeon)
 15522 | D:13     | Received a gift from Okawaru
 15879 | D:14     | 15879 ||| PLANNING GAUNTLET
 16041 | D:14     | Identified the +2 tower shield of the Swamp {rC+ Int-3
                  | Stlth+}
 16041 | D:14     | Noticed Louise
 16042 | D:14     | 16042 ||| INVOKING Heroism.
 16043 | D:14     | 16043 ||| INVOKING Finesse.
 16057 | D:14     | Killed Louise
 16129 | D:14     | Noticed Agnes
 16130 | D:14     | 16130 ||| INVOKING Heroism.
 16131 | D:14     | 16131 ||| INVOKING Finesse.
 16136 | D:14     | Killed Agnes
 16312 | D:14     | Found a gate leading to a gauntlet.
 16318 | D:14     | 16318 ||| Stepping ~*~*~tactically~*~*~ (outnumbered).
 16320 | D:14     | 16320 ||| Stepping ~*~*~tactically~*~*~ (outnumbered).
 16322 | D:14     | 16322 ||| Stepping ~*~*~tactically~*~*~ (outnumbered).
 16332 | Gauntlet | Entered a Gauntlet
 16332 | Gauntlet | Found a transporter.
 16332 | Gauntlet | Found a transporter.
 16336 | Gauntlet | Found a transporter.
 16336 | Gauntlet | Found a transporter.
 16346 | Gauntlet | Found a transporter.
 16354 | Gauntlet | Found a transporter.
 16356 | Gauntlet | Found a transporter.
 16356 | Gauntlet | Found a transporter.
 16360 | Gauntlet | Found a transporter.
 16404 | Gauntlet | Found a transporter.
 16426 | Gauntlet | Found a transporter.
 16448 | Gauntlet | Found a transporter.
 16494 | Gauntlet | Found a transporter.
 16515 | Gauntlet | Found a transporter.
 16612 | Gauntlet | Found a transporter.
 16628 | Gauntlet | Found a transporter.
 16716 | Gauntlet | 16716 ||| Stepping ~*~*~tactically~*~*~ (retreating).
 16717 | Gauntlet | 16717 ||| Stepping ~*~*~tactically~*~*~ (retreating).
 16718 | Gauntlet | 16718 ||| Stepping ~*~*~tactically~*~*~ (retreating).
 16719 | Gauntlet | 16719 ||| Stepping ~*~*~tactically~*~*~ (retreating).
 16759 | Gauntlet | 16759 ||| INVOKING Heroism.
 16760 | Gauntlet | 16760 ||| INVOKING Finesse.
 16763 | Gauntlet | 16763 ||| Stepping ~*~*~tactically~*~*~ (outnumbered).
 16825 | Gauntlet | Identified the +1 helmet of the Saviour {Str+3}
 16925 | Gauntlet | 16925 ||| INVOKING Heroism.
 16931 | Gauntlet | Mangled by a minotaur

Levels and vault maps discovered:
D:1:      minmay_arrival_five_plusses, layout_basic, serial_co_window_serial,
          co_window_of_opportunity_a, co_window_paths_a, co_window_paths_a,
          co_window_of_opportunity_a, co_window_paths_b, co_window_corner_a,
          co_window_corner_a, co_window_paths_c, co_window_corner_b,
          co_window_of_opportunity_b, co_window_unsneaky_path_e,
          co_window_paths_c, co_window_2corner, co_window_broadway_c,
          co_window_paths_e, glass_columns_a, glass_columns_a, glass_columns_a,
          glass_columns_b, minmay_tripent
D:2:      layout_loops_ring, serial_shops, shop
D:3:      layout_basic, basic_ecumenical_altar, pf_guarded_unrand_delatra
D:4:      layout_cave_pods, kennysheep_mini, lightli_temple_of_fire,
          gammafunk_ghost_mausoleum, nicolae_shop_firing_range
D:5:      layout_cave_pools, nicolae_vehumet_altar_sigil
D:6:      layout_loops_ring, lemuel_doored_altar, dancing_weapons_uskayaw,
          kennysheep_generic_room_7, uniq_duvessa
D:7:      layout_loops_corners, kennysheep_little_box, lemuel_crystal_altar,
          minmay_temple_entry_grid, nicolae_water_bricks, corexii_corridor_pit,
          kennysheep_potato, uniq_jeremiah, uniq_prince_ribbit1, uniq_menkaure
D:8:      cheibrodos_two_vegetables, layout_loops_ring, nicolae_benzene_ring
D:9:      layout_irregular_city, nicolae_dithmenos_shadow_blocks,
          nicolae_elevator_lobby_plus, uniq_harold, uniq_joseph
D:10:     layout_rooms, nicolae_qazlal_eye_of_the_storm, uniq_lodul,
          uniq_maggie, uniq_fannar
D:11:     layout_roguey, lair_entry_dummy, kennysheep_small_square,
          uniq_nergalle, uniq_snorg
D:12:     layout_loops_corners, orc_0_dummy, serial_rivers,
          chequers_serial_rivers_room_a, chequers_serial_rivers_room_a,
          chequers_serial_rivers_micro_b, chequers_serial_rivers_large_a,
          chequers_serial_rivers_marsh, chequers_serial_rivers_room_a,
          uniq_erolcha
D:13:     layout_loops_ring
D:14:     layout_basic, lightli_vaults_fourway_checkpoint,
          minmay_misc_feat_pillars, gauntlet_entry_generic,
          serial_bayou_crossing, uniq_louise, uniq_agnes
Temple:   nicolae_temple_figure_eight
Lair:1:   layout_cave_pods, ebering_ghost_inner_flame,
          chequers_serial_rivers_micro_d, st_stairs_10, worms_lemuel,
          grunt_megastairs_1
Lair:2:   layout_gridlike, spider_nest_entry_web_field,
          infiniplex_staircase_pool_2, lemuel_fruit_fields
Lair:3:   layout_hall_layers, skrybe_swamp_entry_bodies, beast_lair_carwin_9,
          serial_bayou_shore_b, grunt_megastairs_5, uniq_amaemon
Lair:4:   layout_small_grid, dpeg_slime_entry_enclosed, uniq_sonja
Lair:5:   hangedman_lair_in_review, layout_concentric_octagons,
          kennysheep_rathole
Gauntlet: gammafunk_gauntlet_branching [nicolae_gauntlet_arena_flowing_pool,
          gammafunk_gauntlet_arena_split_diamond,
          gammafunk_gauntlet_arena_chambers, gammafunk_gauntlet_arena_grid,
          nicolae_gauntlet_arena_grate_2, nicolae_gauntlet_arena_x,
          nicolae_gauntlet_arena_blocks, nicolae_gauntlet_swirl,
          dreamdust_gauntlet_exit_labyrinth]

Skill      XL: |  1  2  3  4  5  6  7  8  9 10 11 12 13 14 15 |
---------------+----------------------------------------------+-----
Ranged Weapons | 5 6 7 8 10 11 12 13 14 16 18 19 | 19.0
Fighting       | 3 4 5 6 8 9 10 11 12 13 | 13.0
Armour         | 2 3 4 6 7 9 |  9.6
Dodging        | 2 3 9 |  9.2
Invocations    | 4 7 10 | 10.0
Stealth        | |  1.1

Action                     |  1- 3 |  4- 6 |  7- 9 | 10-12 | 13-15 || total
---------------------------+-------+-------+-------+-------+-------++-------
   Fire: Shortbow          |    87 |    36 |       |       |       ||   123
         Longbow           |       |    76 |   230 |   403 |   987 ||  1696
 Invoke: Heroism           |       |       |       |     9 |    28 ||    37
         Finesse           |       |       |       |     2 |     5 ||     7
    Use: Scroll            |     3 |    11 |     3 |     6 |     5 ||    28
         Potion            |       |     3 |     1 |     3 |     1 ||     8
 Armour: Leather armour    |    27 |     4 |       |       |       ||    31
         Ring mail         |       |    29 |    57 |     9 |       ||    95
         Steam dragon scal |       |       |       |    82 |       ||    82
         Swamp dragon scal |       |       |       |    15 |   288 ||   303
         Robe              |       |       |       |     9 |       ||     9
  Dodge: Dodged            |    22 |    32 |    59 |   128 |   446 ||   687

Table legend:
 A = Non-vault XP
 B = Vault XP
 C = Vault XP percentage of total XP
 D = Non-vault monster count
 E = Vault monster count
 F = Vault count percentage of total count
                 A         B        C        D         E       F
            +---------+---------+-------+---------+---------+-------
      Total |   72814 |   33648 |  31.6 |     439 |     112 |  20.3
            +---------+---------+-------+---------+---------+-------
        D:1 |      20 |       4 |  16.7 |      13 |       2 |  13.3
        D:2 |      64 |       0 |   0.0 |      15 |       0 |   0.0
        D:3 |      24 |       9 |  27.3 |      12 |       3 |  20.0
        D:4 |     292 |       0 |   0.0 |      24 |       0 |   0.0
        D:5 |     826 |       0 |   0.0 |      29 |       0 |   0.0
        D:6 |    1415 |     393 |  21.7 |      30 |       5 |  14.3
        D:7 |    2053 |     958 |  31.8 |      41 |       4 |   8.9
        D:8 |    1120 |    1034 |  48.0 |      22 |       9 |  29.0
        D:9 |     660 |    1322 |  66.7 |       4 |       2 |  33.3
       D:10 |    7518 |    3097 |  29.2 |      39 |      12 |  23.5
       D:11 |    6084 |    2865 |  32.0 |      23 |       4 |  14.8
       D:12 |    3008 |     867 |  22.4 |      11 |       1 |   8.3
       D:13 |    7964 |       0 |   0.0 |      27 |       0 |   0.0
       D:14 |    4077 |    2702 |  39.9 |      11 |       2 |  15.4
     Lair:1 |    5749 |    2203 |  27.7 |      22 |       8 |  26.7
     Lair:2 |    5319 |       0 |   0.0 |      19 |       0 |   0.0
     Lair:3 |    9263 |    5302 |  36.4 |      35 |      16 |  31.4
     Lair:4 |    5833 |     776 |  11.7 |      19 |       1 |   5.0
     Lair:5 |   11525 |   10099 |  46.7 |      43 |      34 |  44.2
   Gauntlet |       0 |    2017 | 100.0 |       0 |       9 | 100.0
            +---------+---------+-------+---------+---------+-------
